 Dungeon Crawl Stone Soup version 0.28-a0-850-g09de17f5b5 (webtiles) character file.

Game seed: 15794032052387133117

33 bande the Shield-Bearer (level 3, -4/23 HPs)
             Began as a Gargoyle Fighter on Nov 13, 2021.
             Killed by divine providence
             ... invoked by an orc priest
              (13 damage)
             ... on level 2 of the Dungeon.
             The game lasted 00:01:23 (1085 turns).

bande the Shield-Bearer (Gargoyle Fighter)          Turns: 1085, Time: 00:01:24

Health: -4/23      AC: 10    Str: 20    XL:     3   Next: 29%
Magic:  3/3        EV:  9    Int:  8    God:
Gold:   57         SH:  4    Dex:  9    Spells: 2/2 levels left

rFire   . . .      SeeInvis .   a - +0 war axe
rCold   . . .      Faith    .   c - +0 buckler
rNeg    + . .      Spirit   .   b - +0 scale mail
rPois   ∞          Reflect  .   (no helmet)
rElec   +          Harm     .   (no cloak)
rCorr   .          Rampage  .   (no gloves)
Will    .....                   (no boots)
Stlth   ..........              (no amulet)
HPRegen 0.07/turn               (no ring)
MPRegen 0.08/turn               (no ring)

@: no status effects
A: sickness immunity, AC +3, negative energy resistance 1, electricity
resistance, torment resistance 1, petrification resistance
a: no special abilities


You were on level 2 of the Dungeon.
You visited 1 branch of the dungeon, and saw 2 of its levels.

You collected 57 gold pieces.

Inventory:

Hand Weapons
 a - a +0 war axe (weapon)
Armour
 b - a +0 scale mail (worn)
 c - a +0 buckler (worn)
Jewellery
 e - an amulet of the acrobat
Scrolls
 f - 2 scrolls of vulnerability {unknown}
 g - a scroll of teleportation {unknown}
 h - 2 scrolls of noise {unknown}
Potions
 d - 2 potions of might


   Skills:
 + Level 3.5 Fighting
 + Level 2.1 Axes
 + Level 3.7 Armour
 - Level 0.2 Dodging
 + Level 3.8 Shields


You had 2 spell levels left.
You didn't know any spells.
Your spell library was empty.

Dungeon Overview and Level Annotations

Branches:
Dungeon (2/15)

Altars:


Innate Abilities, Weirdness & Mutations

You are immune to sickness and miasma.
Your stone body is resilient. (AC +3)
You are immune to poison.
You resist negative energy. (rN+)
You are resistant to electric shocks. (rElec)
You are resistant to unholy torment.
You are immune to petrification.


Message History

The rat twitches its whiskers.
The rat barely misses you.
You barely miss the rat.
An orc comes into view. It is wielding a +0 short sword.
The rat barely misses you.
You closely miss the rat.
The orc shouts!
The orc priest barely misses you. The rat barely misses you.
You slash the rat!
You kill the rat!
The orc priest barely misses you.
A giant cockroach comes into view.
You block the orc's attack.
The orc priest hits you but does no damage.
You hit the orc.
The orc is heavily wounded.
The orc hits you with a +0 falchion.
The orc priest hits you but does no damage.
You slash the orc!
You kill the orc!
You barely miss the orc.
The orc priest hits you from afar with a +1 vampiric trident.
The orc completely misses you.
You hit the orc but do no damage. You barely miss the giant cockroach.
The orc priest hits you from afar with a +1 vampiric trident.
You block the giant cockroach's attack. The orc hits you with a +0 short sword.
The orc priest barely misses you. The giant cockroach barely misses you.
You are too injured to fight recklessly!
You are too injured to fight recklessly!
You are too injured to fight recklessly!
You are too injured to fight recklessly!
You are too injured to fight recklessly!
You are too injured to fight recklessly!
You are too injured to fight recklessly!
You barely miss the giant cockroach. You hit the orc but do no damage.
You block the orc's attack. The giant cockroach barely misses you.
The orc priest calls down the wrath of Beogh upon you.
Beogh smites you!
Ouch! That really hurt!
You die...

#....# #.#....#
#.#....# #.#....# #
#.#....# .## #.# ...#
.... ########.###†#
.....
.............##o.....
#..........@B......
#......###.#o......
#......# #..##.....
######.# ...#. ....
#######.##....# #..
#<............. .
#######........#
#......(.. #........


You could see an orc priest, an orc and a giant cockroach.

Vanquished Creatures
  3 dart slugs (D:1)
  An orc (D:2)
  2 ball pythons (D:1)
  An endoplasm (D:1)
  A giant cockroach (D:1)
  3 goblins (D:1)
  3 hobgoblins (D:1)
  2 kobolds (D:1)
  A quokka (D:1)
  A bat (D:1)
  2 frilled lizards (D:1)
  4 rats
24 creatures vanquished.

Notes
Turn   | Place    | Note
-------+----------+-------------------------------------------
     0 | D:1      | bande the Gargoyle Fighter began the quest for the Orb.
     0 | D:1      | Reached XP level 1. HP: 14/14 MP: 1/1
    63 | D:1      | Reached XP level 2. HP: 15/19 MP: 2/2
   645 | D:1      | Reached XP level 3. HP: 23/23 MP: 3/3
  1085 | D:2      | Killed from afar by an orc priest

Illustrated notes

Levels and vault maps discovered:
D:1:      tarquinn_simple_flora_water_b, layout_loops_corners,
          minmay_stone_trees_small
D:2:      cheibrodos_old_hovel, layout_basic, basic_altar, st_stairs_8,
          minmay_misc_feat_secret_circle

Skill      XL: |  1  2 |
---------------+-------+-----
Axes           | 2 |  2.1
Fighting       | |  3.5
Armour         | |  3.7
Dodging        | |  0.2
Shields        | |  3.8

Action                   || total
-------------------------++-------
Melee: War axe           ||    69
Armor: Scale mail        ||    34
Dodge: Dodged            ||    38
Block: Buckler           ||    17

Table legend: (Time is in decaauts)
 A = Elapsed time spent in this place.
 B = Non-inter-level travel time spent in this place.
 C = Inter-level travel time spent in this place.
 D = Time resting spent in this place.
 E = Time spent auto-exploring this place.
 F = Levels seen in this place.
 G = Mean time per level.
                   A        B        C        D        E       F      G
               +--------+--------+--------+--------+--------+-----+--------+
         Total |   1112 |   1095 |     17 |      0 |    916 |   2 |  556.0 |
       Dungeon |   1112 |   1095 |     17 |      0 |    916 |   2 |  556.0 |
               +--------+--------+--------+--------+--------+-----+--------+

Top non-repeatable levels by time:
     D:1: 1082 daAuts
     D:2: 29 daAuts
